 Dungeon Crawl Stone Soup version 0.32-a0-705-g60f233581c (webtiles) character file.

Game seed: 4556507797804100528

3554 hikkokomori the Prestidigitator (level 10, -1/71 HPs)
             Began as a Coglin Hunter on Mar 15, 2024.
             Was a Believer of Okawaru.
             Killed from afar by an acid dragon (22 damage)
             ... with a splash of acid
             ... on level 8 of the Dungeon.
             The game lasted 00:12:22 (6672 turns).

hikkokomori the Prestidigitator (Coglin Hunter)     Turns: 6672, Time: 00:12:23

Health: -1/71      AC: 10    Str: 11    XL:     10   Next: 9%
Magic:  14/14      EV: 11    Int:  9    God:    Okawaru [**....]
Gold:   248        SH:  0    Dex: 22    Spells: 12/15 levels left

rFire   + . .        a - +3 sling {Thamphthis}
rCold   . . .        d - +0 sling {Gustav}
rNeg    . . .        s - +3 leather armour {rF+}
rPois   .            g - +0 helmet
rElec   .            D - +0 cloak
rCorr   .            C - +0 pair of gloves
SInv    .            h - +0 pair of boots
Will    .....        (amulet unavailable)
Stlth   ++           (ring unavailable)
HPRegen 0.31/turn    (ring unavailable)
MPRegen 0.14/turn    (no gizmo)

%: no passive effects
@: about to teleport, revving
A: off-hand wielding, slow wielding, warmup strikes, no jewellery
a: Invent Gizmo, Renounce Religion, Heroism


You were on level 8 of the Dungeon.
You worshipped Okawaru.
Okawaru was pleased with you.
You visited 2 branches of the dungeon, and saw 9 of its levels.

You collected 464 gold pieces.
You spent 216 gold pieces at shops.

Inventory:

Hand Weapons
 a - a +3 sling (weapon) {Thamphthis}
 d - a +0 sling (offhand) {Gustav}
Missiles
 A - 6 curare-tipped darts
Armour
 g - a +0 helmet (worn)
 h - a +0 pair of boots (worn)
 p - a +2 scale mail of poison resistance
 s - a +3 leather armour of fire resistance (worn)
 w - a scarf of shadows
 C - a +0 pair of gloves (worn)
 D - a +0 cloak (worn)
Wands
 r - a wand of mindburst (8)
Scrolls
 b - 3 scrolls of butterflies
 c - a scroll of revelation {unknown}
 e - 2 scrolls of noise {unknown}
 f - a scroll of brand weapon {unknown}
 i - 2 scrolls of amnesia {unknown}
 k - a scroll of teleportation
 m - 2 scrolls of enchant weapon
 n - 2 scrolls of fear {unknown}
 q - 2 scrolls of poison
 v - 2 scrolls of enchant armour
 x - a scroll of fog {unknown}
 y - 3 scrolls of blinking {unknown}
 z - a scroll of immolation {unknown}
Potions
 j - a potion of enlightenment
 l - 3 potions of curing
 o - 6 potions of ambrosia
 t - a potion of lignification
 u - a potion of mutation
 B - a potion of brilliance {unknown}


   Skills:
 - Level 4.0 Fighting
 + Level 8.7 Ranged Weapons
 - Level 2.0 Dodging
 - Level 2.0 Stealth
 + Level 3.3 Spellcasting
 + Level 4.0 Necromancy
 + Level 2.0 Invocations
 + Level 10.3 Evocations


You had 12 spell levels left.
You knew the following spells:

 Your Spells              Type           Power      Damage    Failure   Level
a - Fugue of the Fallen   Necr           8%         N/A       22%         3

Your spell library contained the following spells:

 Spells                   Type           Power      Damage    Failure   Level
 Necrotise                Necr           32%        1d5       8%          1
 Cigotuvi's Dreadful Rot  Necr/Alch/Air  6%         N/A       32%         2
 Apportation              Tloc           2%         N/A       36%         1
 Sting                    Conj/Alch      4%         1d3       36%         1
 Dazzling Flash           Conj/Hex       2%         N/A       75%         3
 Mephitic Cloud           Conj/Alch/Air  1%         N/A       75%         3
 Ozocubu's Armour         Ice            1%         N/A       75%         3
 Passwall                 Erth           1%         N/A       75%         3
 Volatile Blastmotes      Fire/Tloc      2%         2d10      75%         3
 Curse of Agony           Necr           8%         N/A       90%         5
 Ignite Poison            Fire/Alch      1%         N/A       98%         4
 Manifold Assault         Tloc           1%         N/A       98%         4
 Freezing Cloud           Conj/Ice/Air   0%         6-21      100%        5
 Silence                  Hex/Air        0%         N/A       100%        5
 Bombard                  Conj/Erth      0%         9d1       100%        6
 Summon Small Mammal      Summ           Unusable   N/A       N/A         1

Dungeon Overview and Level Annotations

Branches:
Dungeon (8/15)             Temple (1/1) D:4
   Lair: D:8-11

Altars:
Ashenzari
Cheibriados
Dithmenos
Elyvilon
Fedhas
Hepliaklqana
Kikubaaqudgha
Makhleb
Okawaru
Qazlal
Ru
Sif Muna
Trog
Uskayaw
Vehumet
Wu Jian
Xom
Yredelemnul
The Shining One

Shops:
D:5 (   D:8 [


Innate Abilities, Weirdness & Mutations

You can wield a second weapon in your off-hand.
It takes a long time for you to wield or remove held weapons.
Your first few attacks do less damage.
You cannot equip rings or amulets.


Message History

The killer bee attacks as it pursues you!
The killer bee stings you but does no damage. x2
Your surroundings suddenly seem different.
An acid dragon, a wyvern and a jelly come into view.
Found four items.
You feel sick.
The acid dragon roars!
Okay, then.
You feel sick.
The jelly quivers.
The acid dragon attacks as it pursues you!
The acid dragon barely misses you. x2
You feel sick.
You feel sick.
As you read the scroll of teleportation, it crumbles to dust.
You feel strangely unstable.
You feel sick. The acid dragon closely misses you. The acid dragon claws you.
You feel sick.
The acid dragon attacks as it pursues you!
The acid dragon closely misses you. The acid dragon barely misses you.
You feel sick.
You are no longer poisoned.
You shoot a sling bullet. The wyvern hisses angrily.
The sling bullet hits the acid dragon.
The acid dragon is lightly wounded.
You shoot a sling bullet.
The sling bullet hits the acid dragon but does no damage.
The acid dragon is lightly wounded.
You hear an angry hiss.
The acid dragon barely misses you.
The acid dragon claws you but does no damage.
You shoot a sling bullet.
The sling bullet hits the acid dragon but does no damage.
The acid dragon is lightly wounded.
You shoot a sling bullet.
The sling bullet hits the acid dragon but does no damage.
The acid dragon is lightly wounded.
The acid dragon spits acid at you. The splash of acid hits you!!
You die...

## ##
#.########..#
#.#...##.#@.!#
#....k..D###+
..?........#$#
.....#......##
#.).#.....#..#
##.#...##.##..$
# #.## ### ####
##


You could see a wyvern and an acid dragon (catching breath).

Vanquished Creatures
  Sigmund (D:5)
  Eustachio (D:5)
  A steam dragon (D:7)
  Duvessa (D:5)
  2 water moccasins
  A sky beast (D:6)
  3 ice beasts
  An orc warrior (D:7)
  A black bear (D:8)
  2 ogres (D:4)
  A centaur (D:8)
  A phantom (D:6)
  3 bullfrogs
  3 jellies
  Dowan (D:5)
  12 wights (D:7)
  7 killer bees
  A bombardier beetle (D:6)
  5 hounds
  2 orc priests
  A sleepcap (D:6)
  An iguana (D:5)
  3 orc wizards
  7 gnolls
  13 adders
  2 shadow imps (D:6)
  2 white imps
  3 ribbon worms
  3 dart slugs
  18 orcs
  7 ball pythons
  8 endoplasms
  5 giant cockroaches
  5 goblins
  8 hobgoblins
  3 quokkas
  3 bats
  2 frilled lizards
  7 kobolds
  2 rats
153 creatures vanquished.

Notes
Turn   | Place    | Note
-------+----------+-------------------------------------------
     0 | D:1      | hikkokomori the Coglin Hunter began the quest for the Orb.
     0 | D:1      | Reached XP level 1. HP: 16/16 MP: 1/1
    69 | D:1      | Reached skill level 1 in Stealth
   106 | D:1      | Reached XP level 2. HP: 22/22 MP: 2/2
   192 | D:1      | Found a faded altar of an unknown god.
   204 | D:1      | Got Plato's Vellum of the Boiling Point
   402 | D:2      | Reached XP level 3. HP: 28/28 MP: 3/3
   514 | D:2      | Reached XP level 4. HP: 34/34 MP: 4/4
  1177 | D:3      | Found an ornate altar of the Wu Jian Council.
  1366 | D:3      | Reached XP level 5. HP: 41/41 MP: 5/5
  2093 | D:4      | Found a blossoming altar of Fedhas.
  2345 | D:4      | Found a staircase to the Ecumenical Temple.
  2377 | D:4      | Noticed an ogre
  2385 | D:4      | Killed an ogre
  2386 | D:4      | Reached skill level 2 in Evocations
  2386 | D:4      | Reached XP level 6. HP: 48/48 MP: 6/6
  2394 | D:4      | Reached skill level 5 in Ranged Weapons
  2424 | Temple   | Entered the Ecumenical Temple
  2468 | D:4      | Reached skill level 3 in Evocations
  2873 | D:4      | Found a snail-covered altar of Cheibriados.
  2889 | D:4      | Reached XP level 7. HP: 53/54 MP: 7/7
  3097 | D:5      | Entered Level 5 of the Dungeon
  3105 | D:5      | Reached skill level 4 in Evocations
  3175 | D:5      | Noticed Dowan
  3186 | D:5      | Killed Dowan
  3187 | D:5      | Noticed Duvessa
  3192 | D:5      | Killed Duvessa
  3193 | D:5      | Reached skill level 5 in Evocations
  3241 | D:5      | Noticed Eustachio
  3245 | D:5      | Killed Eustachio
  3262 | D:5      | Found Izoofuh's Weapon Shop.
  3276 | D:5      | Reached skill level 6 in Evocations
  3276 | D:5      | Reached XP level 8. HP: 50/60 MP: 8/8
  3313 | D:5      | Noticed Sigmund
  3316 | D:5      | Killed Sigmund
  3639 | D:5      | Reached skill level 7 in Evocations
  3715 | D:5      | Found an iron altar of Okawaru.
  3715 | D:5      | Found a hide-covered altar of Uskayaw.
  3735 | D:5      | Found a broken altar of Ashenzari.
  3736 | D:5      | Found a white marble altar of Elyvilon.
  3743 | D:5      | Found a sacrificial altar of Ru.
  3743 | D:5      | Found a burning altar of Makhleb.
  3799 | D:5      | Found an ancient bone altar of Kikubaaqudgha.
  4242 | D:5      | Became a worshipper of Warmaster Okawaru
  4324 | D:6      | Reached skill level 8 in Evocations
  4639 | D:6      | Learned a level 3 spell: Fugue of the Fallen
  4693 | D:6      | Reached XP level 9. HP: 53/65 MP: 9/9
  4784 | D:6      | Reached * piety under Okawaru
  4785 | D:6      | Reached skill level 1 in Spellcasting
  4785 | D:6      | Reached skill level 1 in Necromancy
  4785 | D:6      | Reached skill level 9 in Evocations
  5764 | D:7      | Reached skill level 1 in Invocations
  5971 | D:7      | Found a bloodstained altar of Trog.
  6041 | D:7      | Found a shimmering blue altar of Sif Muna.
  6149 | D:7      | Found a basalt altar of Yredelemnul.
  6199 | D:7      | Reached ** piety under Okawaru
  6200 | D:7      | Reached skill level 10 in Evocations
  6386 | D:8      | Found Ehorhier's Antique Armour Boutique.
  6395 | D:8      | Bought a pair of gloves for 108 gold pieces
  6395 | D:8      | Bought a cloak for 108 gold pieces
  6511 | D:8      | Reached XP level 10. HP: 59/71 MP: 14/14
  6672 | D:8      | Killed from afar by an acid dragon

Illustrated notes

Levels and vault maps discovered:
D:1:      saegor_arrival_simple_e, layout_rooms,
          shapermc_ecumenical_altar_rom_forum
D:2:      layout_loops_ring, serial_bayou_pond_a, nicolae_grassy_gnolls
D:3:      layout_basic, lemuel_doored_altar
D:4:      layout_loops_ring, cheibrodos_worm_habitat,
          fedhas_altar_decomposition, minmay_temple_entry_gardened_gates
D:5:      layout_basic, mainiacjoe_overflow_six_doors_small,
          chequers_temple_overflow_statue_of_worship,
          gammafunk_temple_overflow_statue, serial_shops,
          nicolae_shop_gibbet_a_chance, serial_aquarium,
          aquarium_bridge_straight [aquarium_subvault_bridge,
          aquarium_subvault_wall, aquarium_subvault_bridge,
          aquarium_subvault_balcony], aquarium_bridge_island_small
          [aquarium_subvault_small_open, aquarium_subvault_window,
          aquarium_subvault_wall, aquarium_subvault_bridge,
          aquarium_subvault_bridge], aquarium_window_corridor_2,
          aquarium_window_fake, aquarium_window_1, aquarium_view_2b,
          aquarium_view_2c, aquarium_balcony_3a, aquarium_pool_side,
          uniq_duvessa, uniq_sigmund, uniq_eustachio
D:6:      layout_basic
D:7:      layout_rooms, lightli_temple_of_fire, amcnicky_altar_gilded,
          mainiacjoe_overflow_catwalk
D:8:      layout_rooms, erik_lair_dragon, serial_shops, nicolae_shop_scrapyard
Temple:   hellmonk_temple_rainy

Skill      XL: |  1  2  3  4  5  6  7  8  9 10 |
---------------+-------------------------------+-----
Stealth        | 1 2 |  2.0
Dodging        | 2 |  2.0
Ranged Weapons | 4 5 6 7 8 |  8.7
Fighting       | 3 4 |  4.0
Evocations     | 2 3 6 8 10 | 10.3
Spellcasting   | 3 |  3.3
Necromancy     | 3 4 |  4.0
Invocations    | 1 2 |  2.0

Action                     |  1- 3 |  4- 6 |  7- 9 | 10-12 || total
---------------------------+-------+-------+-------+-------++-------
   Fire: Sling             |   138 |   256 |   782 |    40 ||  1216
  Evoke: Wand              |       |       |     7 |       ||     7
    Use: Scroll            |       |       |     9 |     2 ||    11
         Potion            |       |       |     1 |       ||     1
 Armour: Leather armour    |     4 |    31 |   119 |    21 ||   175
  Dodge: Dodged            |    12 |    24 |    94 |    20 ||   150

Table legend: (Time is in decaauts)
 A = Elapsed time spent in this place.
 B = Non-inter-level travel time spent in this place.
 C = Inter-level travel time spent in this place.
 D = Time resting spent in this place.
 E = Time spent auto-exploring this place.
 F = Levels seen in this place.
 G = Mean time per level.
                   A        B        C        D        E       F      G
               +--------+--------+--------+--------+--------+-----+--------+
         Total |   6764 |   6524 |    240 |    180 |   5145 |   9 |  751.6 |
       Dungeon |   6762 |   6522 |    240 |    180 |   5145 |   8 |  845.2 |
        Temple |      1 |      1 |      0 |      0 |      0 |   1 |    1.0 |
               +--------+--------+--------+--------+--------+-----+--------+

Top non-repeatable levels by time:
     D:7: 1186 daAuts
     D:5: 1178 daAuts
     D:3: 1074 daAuts
     D:4: 1068 daAuts
     D:6: 1015 daAuts
     D:2: 631 daAuts
     D:1: 390 daAuts
     D:8: 218 daAuts
  Temple: 1 daAuts
